 Dungeon Crawl Stone Soup version 0.30-a0-272-gf98c3da03f (webtiles) character file.

Game seed: 1146298537063685512

31 Morbidden the Shooter (level 3, 0/27 HPs)
             Began as a Formicid Hunter on Oct 15, 2022.
             Slain by Terence
             ... wielding a +0 short sword
              (4 damage)
             ... on level 2 of the Dungeon.
             The game lasted 00:01:04 (852 turns).

Morbidden the Shooter (Formicid Hunter)              Turns: 852, Time: 00:01:04

Health: 0/27       AC:  4    Str: 21    XL:     3   Next: 40%
Magic:  3/3        EV: 12    Int:  8    God:
Gold:   40         SH:  0    Dex: 19    Spells: 2/2 levels left

rFire   . . .      SeeInvis +    b - +0 long sword
rCold   . . .      Faith    .    (no shield)
rNeg    . . .      Spirit   .    c - +0 leather armour
rPois   .          Reflect  .    (helmet unavailable)
rElec   .          Harm     .    (no cloak)
rCorr   .          Rampage  .    j - +0 pair of gloves
Will    .....                    (no boots)
Stlth   ++........               (no amulet)
HPRegen 0.24/turn                n - +6 ring of strength
MPRegen 0.08/turn                (no ring)

@: no status effects
A: permanent stasis, dig shafts and tunnels, antennae 3, four strong arms
a: Dig, Shaft Self


You were on level 2 of the Dungeon.
You visited 1 branch of the dungeon, and saw 2 of its levels.

You collected 40 gold pieces.

Inventory:

Hand Weapons
 a - a +0 shortbow
 b - a +0 long sword (weapon)
Armour
 c - a +0 leather armour (worn)
 j - a +0 pair of gloves (worn)
Jewellery
 n - a +6 ring of strength (left hand)
Scrolls
 d - 2 scrolls of amnesia {unknown}
 e - a scroll of vulnerability {unknown}
 h - a scroll of blinking {unknown}
 i - a scroll of fog {unknown}
 k - a scroll of immolation
 l - a scroll of enchant weapon {unknown}
 o - a scroll of identify {unknown}
Potions
 f - a potion of invisibility {unknown}
 g - a potion of cancellation {unknown}
 m - a potion of heal wounds {unknown}


   Skills:
 * Level 2.2 Fighting
 * Level 4.8 Ranged Weapons
 * Level 0.2 Armour
 * Level 1.8 Dodging
 + Level 1.2 Stealth
 * Level 0.4 Spellcasting


You had 2 spell levels left.
You didn't know any spells.
Your spell library contained the following spells:

 Spells                   Type           Power      Damage    Failure   Level
 Vhi's Electric Charge    Tloc/Air       0%         N/A       82%         3
 Arcjolt                  Conj/Air       0%         1d10      100%        5
 Maxwell's Capacitive Co  Air            0%         ∞         100%        8


Dungeon Overview and Level Annotations

Branches:
Dungeon (2/15)

Altars:

Annotations:
D:2 Terence


Innate Abilities, Weirdness & Mutations

You cannot be hasted, slowed, berserked, paralysed or teleported.
You can dig through walls and to a lower floor.
You have a pair of large antennae on your head. (SInv)
Your four strong arms can wield two-handed weapons with a shield.


Message History

You shoot an arrow. The arrow closely misses Terence.
Terence hits you but does no damage. Terence misses you.
You shoot an arrow. The arrow completely misses Terence.
Terence hits you with a +0 short sword.
You shoot an arrow.
The arrow hits Terence but does no damage.
Terence is heavily wounded.
Terence misses you.
You shoot an arrow.
The arrow hits Terence but does no damage.
Terence is heavily wounded.
Terence hits you with a +0 short sword.
You shoot an arrow. The arrow hits Terence.
Terence is severely wounded.
Terence hits you but does no damage. x2
b - a +0 long sword (weapon)
Unknown command.
You closely miss Terence.
Terence is severely wounded.
Terence hits you with a +0 short sword. Terence misses you.
You barely miss Terence.
Terence is severely wounded.
Terence completely misses you.
Unknown command.
You barely miss Terence.
Terence is severely wounded.
Terence hits you with a +0 short sword.
Unknown command.
You hit Terence but do no damage.
Terence is severely wounded.
Terence hits you with a +0 short sword. x2
* * * LOW HITPOINT WARNING * * *
You hit Terence but do no damage.
Terence is severely wounded.
Terence hits you but does no damage.
Unknown command.
You barely miss Terence.
Terence is severely wounded.
Terence barely misses you. Terence hits you with a +0 short sword.
You die...

# #..<...#######
#.........#
.......#.##.#
###....##.##.###
#............#
.....##.##.#.#
##.##.........##.#
.. #............#
##.<..@...####
#...@........
#....$...####
#..>....>..
#........##.#
.....####.# #
#.#.[. .# #.#.#.
##


You could see Terence.

Vanquished Creatures
  2 dart slugs (D:1)
  2 bats (D:1)
  3 endoplasms (D:1)
  2 goblins (D:1)
  3 hobgoblins (D:1)
  2 jackals (D:1)
  A quokka (D:1)
  4 ball pythons (D:1)
  A kobold (D:1)
  3 rats (D:1)
23 creatures vanquished.

Vanquished Creatures (others)
  3 fungi (D:1)
3 creatures vanquished.

Grand Total: 26 creatures vanquished

Notes
Turn   | Place    | Note
-------+----------+-------------------------------------------
     0 | D:1      | Morbidden the Formicid Hunter began the quest for the Orb.
     0 | D:1      | Reached XP level 1. HP: 16/16 MP: 1/1
   113 | D:1      | Reached XP level 2. HP: 22/22 MP: 2/2
   318 | D:1      | Reached XP level 3. HP: 27/27 MP: 3/3
   609 | D:1      | Found a faded altar of an unknown god.
   833 | D:2      | Noticed Terence
   852 | D:2      | Slain by Terence

Illustrated notes

Levels and vault maps discovered:
D:1:      erik_arrival_triangle_medium, layout_loops_ring,
          shapermc_ecumenical_altar_flowoftime, dreamdust_mushroom_princess,
          st_stairs_6
D:2:      minmay_razor_zed, layout_loops_cross, uniq_terence

Action                   || total
-------------------------++-------
Melee: Long sword        ||     6
 Fire: Shortbow          ||    63
Armor: Leather armour    ||    12
Dodge: Dodged            ||    17

Table legend: (Time is in decaauts)
 A = Elapsed time spent in this place.
 B = Non-inter-level travel time spent in this place.
 C = Inter-level travel time spent in this place.
 D = Time resting spent in this place.
 E = Time spent auto-exploring this place.
 F = Levels seen in this place.
 G = Mean time per level.
                   A        B        C        D        E       F      G
               +--------+--------+--------+--------+--------+-----+--------+
         Total |    872 |    791 |     81 |      0 |    611 |   2 |  436.0 |
       Dungeon |    872 |    791 |     81 |      0 |    611 |   2 |  436.0 |
               +--------+--------+--------+--------+--------+-----+--------+

Top non-repeatable levels by time:
     D:1: 828 daAuts
     D:2: 44 daAuts
